 Dungeon Crawl Stone Soup version 0.14-a0-2359-g1e808ab (webtiles) character file.

1539 4tharraofdagon the Firebug (level 8, -2/40 HPs)
             Began as a Vine Stalker Fire Elementalist on Jan 31, 2014.
             Was a Follower of Cheibriados.
             Slain by a centaur (6 damage)
             ... on Level 6 of the Dungeon.
             The game lasted 00:12:20 (1559 turns).

4tharraofdagon the Firebug (VSFE)                   Turns: 1559, Time: 00:12:20

HP  -2/40        AC  2     Str 16 (17) XL: 8   Next: 67%
MP   0/20        EV 12     Int 18      God: Cheibriados [*.....]
Gold 153         SH  0     Dex 17      Spells:  5 memorised,  3 levels left

rFire  . . .     SeeInvis .     j - +3,+0 trident
rCold  . . .     Clarity  .     a - +0 robe
rNeg   . . .     Conserve .     (no shield)
rPois  .         rCorr    .     (no helmet)
rElec  .         rRot     +     (no cloak)
SustAb . .       Spirit   +     (no gloves)
rMut   .         Warding  .     (no boots)
Saprov . . .     Stasis   .     (no amulet)
MR     +....                    (no ring)
                                (no ring)

@: very slow, somewhat resistant to hostile enchantments, fairly stealthy
A: fangs 3, regeneration 2, magic shield, antimagic bite, no device heal
a: Bend Time, Renounce Religion


You were on level 6 of the Dungeon.
You worshipped Cheibriados.
Cheibriados was aware of your devotion.
You were hungry.

You visited 2 branches of the dungeon, and saw 7 of its levels.

You collected 153 gold pieces.

Inventory:

Hand weapons
 i - a -1,+0 orcish dagger
 j - a +3,+0 trident (weapon)
 u - a +0,+0 orcish short sword
Missiles
 k - 33 darts (quivered)
 t - 2 tomahawks
Armour
 a - a +0 robe (worn)
Magical devices
 w - a wand of disintegration (9)
 y - a wand of enslavement (10)
 A - a wand of random effects (15)
Comestibles
 c - 2 bread rations
 f - 2 meat rations
 g - a rambutan
 h - an apple
Scrolls
 d - a scroll of random uselessness {unknown}
 l - a scroll of enchant weapon II {unknown}
 m - a scroll of curse armour {unknown}
 n - 3 scrolls of amnesia {unknown}
 o - a scroll of remove curse {unknown}
 p - a scroll of blinking {unknown}
 s - a scroll of noise {unknown}
 v - a scroll of curse jewellery {unknown}
 B - a scroll of curse weapon {unknown}
Jewellery
 e - an uncursed ring of ice
Potions
 q - a potion of might {unknown}
 r - a potion of invisibility {unknown}
Books
 b - a book of Flames

   Spells                             Type                      Level
   *Flame Tongue                      Conjuration/Fire             1
   Throw Flame                        Conjuration/Fire             2
   *Conjure Flame                     Conjuration/Fire             3
   Inner Flame                        Hexes/Fire                   3
   *Sticky Flame                      Conjuration/Fire             4
   Fireball                           Conjuration/Fire             5
 x - a book of Necromancy

   Spells                             Type                      Level
   Pain                               Necromancy                   1
   *Animate Skeleton                  Necromancy                   1
   Lethal Infusion                    Charms/Necromancy            2
   Vampiric Draining                  Necromancy                   3
   *Regeneration                      Charms/Necromancy            3
   Animate Dead                       Necromancy                   4
   Control Undead                     Necromancy                   4
 z - a book of Summonings

   Spells                             Type                      Level
   Abjuration                         Summoning                    3
   Recall                             Summoning/Translocation      3
   Summon Elemental                   Summoning                    4
   Shadow Creatures                   Summoning                    5
   Summon Demon                       Summoning                    5
   Summon Ugly Thing                  Summoning                    6


   Skills:
 + Level 3.3 Fighting
 * Level 4.3 Polearms
 + Level 2.9 Armour
 - Level 1.5 Dodging
 - Level 2.4 Stealth
 + Level 4.2 Spellcasting
 - Level 4.2 Conjurations
 + Level 1.0 Necromancy
 - Level 4.8 Fire Magic
 + Level 0.4 Invocations
 + Level 1.1 Evocations


You had 3 spell levels left.
You knew the following spells:

 Your Spells              Type           Power        Failure   Level  Hunger
a - Flame Tongue          Conj/Fire      ###..        1%          1    None
b - Conjure Flame         Conj/Fire      ###.....     10%         3    ###....
c - Sticky Flame          Conj/Fire      ###.....     24%         4    ####...
d - Regeneration          Chrm/Necr      #.........   34%         3    ###....
e - Animate Skeleton      Necr           N/A          12%         1    None


Dungeon Overview and Level Annotations

Branches:
Dungeon (6/16)             Temple (1/1) D:4

Altars:
Ashenzari
Cheibriados
Elyvilon
Vehumet
Yredelemnul
Zin
The Shining One


Innate Abilities, Weirdness & Mutations

You have razor-sharp teeth.
You heal very quickly.
When hurt, damage is shared between your health and your magic reserves.
Your bite disrupts and absorbs the magic of your enemies.
Potions and wands cannot restore your HP.


Message History

Evoke which item? (* to show all) (? for menu, Esc to quit)
Zapping:
w - a wand of disintegration {zapped: 4}
Press: ? - help, Shift-Dir - straight line, f - centaur
Aim: a centaur
Okay, then.
Evoke which item? (* to show all) (? for menu, Esc to quit)
Zapping:
y - a wand of enslavement {zapped: 1}
Press: ? - help, Shift-Dir - straight line, f - centaur
Aim: a centaur The centaur resists with significant effort.
The centaur misses you.
The centaur hits you but does no damage.
Unknown command.
Evoke which item? (* to show all) (? for menu, Esc to quit)
Zapping:
y - a wand of enslavement {zapped: 2}
Press: ? - help, Shift-Dir - straight line, f/p - centaur
Aim: a centaur The centaur resists with significant effort.
The centaur hits you!
You die...

#.# #.# . #.###.. ###......
#........# ........... #
.......#.#
.###.#####.###..#.##.
..........(@........... .
.###.##.##.c........ #.#
###.....#(###:.#.# #.#
.........(..c(....# #.# #..
..##.....#.###(#### #.# #..
#.........#.##########.#
#.....#........................
.....##........................
#.##.##.###.##.#.#.............


You could see a centaur.

Vanquished Creatures
  Pikel (D:4)
  A troll (D:5)
  An ice beast (D:5)
  2 centaurs (D:5)
  A hippogriff skeleton (D:5)
  4 crimson imps
  2 scorpions
  A hound (D:6)
  2 orc wizards (D:3)
  2 worker ants
  An ogre skeleton (D:4)
  2 adders
  A giant mite (D:1)
  A worm (D:5)
  4 orcs
  A ball python (D:5)
  4 bats
  A giant cockroach (D:4)
  6 hobgoblins
  2 quokkas (D:5)
  5 giant newts
  4 goblins (D:1)
  3 kobolds
  A kobold skeleton (D:4)
  4 rats
57 creatures vanquished.

Notes
Turn   | Place    | Note
--------------------------------------------------------------
     0 | D:1      | 4tharraofdagon, the Vine Stalker Fire Elementalist, began the quest for the Orb.
     0 | D:1      | Reached XP level 1. HP: 9/9 MP: 3/3
   113 | D:1      | Reached XP level 2. HP: 10/13 MP: 1/5
   326 | D:3      | Reached XP level 3. HP: 3/17 MP: 0/7
   348 | D:3      | Learned a level 3 spell: Conjure Flame
   432 | D:3      | Reached XP level 4. HP: 8/21 MP: 0/9
   476 | D:3      | Reached skill level 1 in Armour
   584 | D:4      | Found a staircase to the Ecumenical Temple.
   600 | Temple   | Entered the Ecumenical Temple
   613 | Temple   | Became a worshipper of Cheibriados the Contemplative
   657 | D:4      | Noticed a slave
   783 | D:4      | Reached skill level 1 in Fighting
   873 | D:4      | Reached skill level 1 in Polearms
   873 | D:4      | Reached XP level 5. HP: 25/25 MP: 6/11
   887 | D:4      | Noticed Pikel
   887 | D:4      | Noticed a slave
   892 | D:4      | Noticed a slave
   903 | D:4      | Killed Pikel
   903 | D:4      | Reached skill level 4 in Fire Magic
   903 | D:4      | Gained mutation: You heal very quickly. [vine stalker growth]
   903 | D:4      | Reached XP level 6. HP: 15/30 MP: 5/15
   903 | D:4      | Reached XP level 7. HP: 17/35 MP: 5/17
   916 | D:4      | Noticed a freed slave
   964 | D:4      | Learned a level 4 spell: Sticky Flame
   977 | D:5      | Entered Level 5 of the Dungeon
  1132 | D:5      | Noticed a troll
  1140 | D:5      | Killed a troll
  1140 | D:5      | Gained mutation: You have razor-sharp teeth. [vine stalker growth]
  1140 | D:5      | Reached XP level 8. HP: 24/40 MP: 3/19
  1245 | D:5      | Learned a level 3 spell: Regeneration
  1247 | D:5      | Learned a level 1 spell: Animate Skeleton
  1377 | D:6      | Reached skill level 1 in Necromancy
  1433 | D:6      | Reached skill level 1 in Evocations
  1559 | D:6      | Slain by a centaur

Action                   |  1- 3 |  4- 6 |  7- 9 || total
-------------------------+-------+-------+-------++-------
Melee: Unarmed           |    42 |       |       ||    42
       Dagger            |     1 |     8 |       ||     9
       Trident           |       |    10 |    88 ||    98
 Cast: Flame Tongue      |    26 |    20 |    13 ||    59
       Conjure Flame     |       |     2 |     4 ||     6
       Sticky Flame      |       |       |     6 ||     6
Evoke: Wand              |       |       |     8 ||     8
  Use: Potion            |     4 |       |     1 ||     5
 Stab: Sleeping          |       |     2 |       ||     2
